NCAA
SAINT JOHN'S RED STORM @ UTAH UTES
05/08/2023
 
TOP OF THE 1ST
Saint John's Red Storm batting - Pitching for Utah Utes : RHP Carlos Sierra
Pitching: RHP Carlos Sierra
Batting: RHB Joe Smith 0-0: Swinging Strike
0-1: Foul Ball, location: 2F
0-2: Ball
1-2: Foul Ball, location: 2F
1-2: Ball
2-2: Ball
3-2: Base on Balls
Batting: RHB Bob Mueller 0-0: 2-RUN HOME RUN (Flyball, 7D), Distance : 401 ft
Batting: LHB Chris Austin 0-0: Ball
1-0: Ball
2-0: Ball
3-0: Called Strike
3-1: Called Strike
3-2: Strikes out swinging
Batting: LHB Ken Phillips 0-0: Called Strike
0-1: Ball
1-1: Ball
2-1: Fly out, F9 (Flyball, 9M)
Batting: LHB António Velásquez 0-0: Fly out, F9 (Flyball, 9LD)
Top of the 1st over - 2 run(s), 1 hit(s), 0 error(s), 0 left on base; Saint John's 2 - Utah 0
BOTTOM OF THE 1ST
Utah Utes batting - Pitching for Saint John's Red Storm : RHP Charles Palmeiro
Pitching: RHP Charles Palmeiro
Batting: RHB Roy Baker 0-0: Called Strike
0-1: Called Strike
0-2: Ball
1-2: Ball
2-2: Ball
3-2: Strikes out swinging
Batting: RHB Jasper Gustafson 0-0: Ball
1-0: Ball
2-0: Called Strike
2-1: Fly out, F6 (Popup, 6D)
Batting: LHB Felipe Valino 0-0: Called Strike
0-1: Called Strike
0-2: Ball
1-2: Strikes out swinging
Bottom of the 1st over - 0 run(s), 0 hit(s), 0 error(s), 0 left on base; Saint John's 2 - Utah 0
TOP OF THE 2ND
Saint John's Red Storm batting - Pitching for Utah Utes : RHP Carlos Sierra
Batting: LHB David Lee 0-0: Called Strike
0-1: Ball
1-1: Foul Ball, location: 2F
1-2: Ball
2-2: Foul Ball, location: 2F
2-2: Ball
3-2: Strikes out looking
Batting: LHB John Cook 0-0: Ball
1-0: Ball
2-0: Ball
3-0: Called Strike
3-1: Base on Balls
Batting: RHB John Prowse Jr. 0-0: Ground out 5-3 (Groundball, 5S)
John Cook to second
Batting: RHB Ed Merritt 0-0: Foul Ball, location: 2F
0-1: Called Strike
0-2: Ball
1-2: Strikes out looking
Top of the 2nd over - 0 run(s), 0 hit(s), 0 error(s), 1 left on base; Saint John's 2 - Utah 0
BOTTOM OF THE 2ND
Utah Utes batting - Pitching for Saint John's Red Storm : RHP Charles Palmeiro
Batting: LHB Max Hoskins 0-0: Ball
1-0: Ball
2-0: Called Strike
2-1: Ball
3-1: Ground out 4-3 (Groundball, 4)
Batting: RHB Octávio Marín 0-0: Called Strike
0-1: Ball
1-1: Foul Ball, location: 2F
1-2: Strikes out swinging
Batting: LHB William Butler 0-0: Called Strike
0-1: Called Strike
0-2: Strikes out swinging
Bottom of the 2nd over - 0 run(s), 0 hit(s), 0 error(s), 0 left on base; Saint John's 2 - Utah 0
TOP OF THE 3RD
Saint John's Red Storm batting - Pitching for Utah Utes : RHP Carlos Sierra
Batting: RHB Joe Smith 0-0: Called Strike
0-1: Ball
1-1: Swinging Strike
1-2: Ball
2-2: Strikes out swinging
Batting: RHB Bob Mueller 0-0: Ground out 2-3 (Groundball, 25)
Batting: LHB Chris Austin 0-0: Called Strike
0-1: Ball
1-1: Ball
2-1: Foul Ball, location: 2F
2-2: Ball
3-2: Reached on Error, E4 (Line Drive, 4)
Batting: LHB Ken Phillips 0-0: Foul Ball, location: 2F
0-1: Called Strike
0-2: Strikes out swinging
Top of the 3rd over - 0 run(s), 0 hit(s), 1 error(s), 1 left on base; Saint John's 2 - Utah 0
BOTTOM OF THE 3RD
Utah Utes batting - Pitching for Saint John's Red Storm : RHP Charles Palmeiro
Batting: RHB Leon Heath 0-0: Called Strike
0-1: Called Strike
0-2: Foul Ball, location: 2F
0-2: Ball
1-2: Strikes out swinging
Batting: SHB George Wilder 0-0: Fly out, F9 (Flyball, 9M)
Batting: RHB Todd Oliver 0-0: Foul Ball, location: 2F
0-1: Foul Ball, location: 2F
0-2: Ball
1-2: SINGLE (Flyball, 8LS)
Batting: RHB Roy Baker 0-0: Ball
1-0: Called Strike
1-1: Fly out, F3 (Popup, 34)
Bottom of the 3rd over - 0 run(s), 1 hit(s), 0 error(s), 1 left on base; Saint John's 2 - Utah 0
TOP OF THE 4TH
Saint John's Red Storm batting - Pitching for Utah Utes : RHP Carlos Sierra
Batting: LHB António Velásquez 0-0: Ball
1-0: Fly out, F8 (Flyball, 8LM)
Batting: LHB David Lee 0-0: Ball
1-0: Called Strike
1-1: Called Strike
1-2: Ball
2-2: Foul Ball, location: 2F
2-2: Strikes out swinging
Batting: LHB John Cook 0-0: Swinging Strike
0-1: Foul Ball, location: 2F
0-2: Strikes out swinging
Top of the 4th over - 0 run(s), 0 hit(s), 0 error(s), 0 left on base; Saint John's 2 - Utah 0
BOTTOM OF THE 4TH
Utah Utes batting - Pitching for Saint John's Red Storm : RHP Charles Palmeiro
Batting: RHB Jasper Gustafson 0-0: Ball
1-0: Ball
2-0: SINGLE (Line Drive, 89S)
Batting: LHB Felipe Valino 0-0: Called Strike
0-1: SINGLE (Line Drive, 89S)
Jasper Gustafson to second
Runner from 2nd tries for 3rd, SAFE, no throw or cutoff
Pinch Runner at 3rd Phil Cantrell:
Batting: LHB Max Hoskins 0-0: Swinging Strike
0-1: Swinging Strike
0-2: Strikes out swinging
Batting: RHB Octávio Marín 0-0: Foul Ball, location: 2F
0-1: Called Strike
0-2: Strikes out swinging
Batting: LHB William Butler 0-0: Called Strike
0-1: Ball
1-1: Called Strike
1-2: Foul Ball, location: 2F
1-2: Ball
2-2: Foul Ball, location: 2F
2-2: Foul Ball, location: 2F
2-2: SINGLE (Line Drive, 89M)
Phil Cantrell scores
Felipe Valino to second
Batting: RHB Leon Heath 0-0: Ground out 4-3 (Groundball, 34)
Bottom of the 4th over - 1 run(s), 3 hit(s), 0 error(s), 2 left on base; Saint John's 2 - Utah 1
TOP OF THE 5TH
Saint John's Red Storm batting - Pitching for Utah Utes : RHP Carlos Sierra
Now in RF: Phil Cantrell
Batting: RHB John Prowse Jr. 0-0: Ball
1-0: Ball
2-0: Ground out 4-3 (Groundball, 4)
Batting: RHB Ed Merritt 0-0: Swinging Strike
0-1: Called Strike
0-2: Foul Ball, location: 2F
0-2: Ground out 4-3 (Groundball, 4)
Batting: RHB Joe Smith 0-0: Called Strike
0-1: Foul Ball, location: 2F
0-2: SINGLE (Line Drive, 8RS)
Batting: RHB Bob Mueller 0-0: Ball
Joe Smith steals 2nd base
1-0: Fly out, F7 (Flyball, 7M)
Top of the 5th over - 0 run(s), 1 hit(s), 0 error(s), 1 left on base; Saint John's 2 - Utah 1
BOTTOM OF THE 5TH
Utah Utes batting - Pitching for Saint John's Red Storm : RHP Charles Palmeiro
Batting: SHB George Wilder 0-0: Ball
1-0: Ball
2-0: SINGLE (Line Drive, 8LS)
Batting: RHB Todd Oliver 0-0: Fly out, F9 (Line Drive, 9LM)
Batting: RHB Roy Baker 0-0: Called Strike
0-1: Foul Ball, location: 2F
0-2: Ball
Wild Pitch!
George Wilder to second
1-2: Strikes out swinging
Batting: LHB Phil Cantrell 0-0: Ball
1-0: Ball
2-0: Foul Ball, location: 2F
2-1: Ball
3-1: Ground out 4-3 (Groundball, 4)
Bottom of the 5th over - 0 run(s), 1 hit(s), 0 error(s), 1 left on base; Saint John's 2 - Utah 1
TOP OF THE 6TH
Saint John's Red Storm batting - Pitching for Utah Utes : RHP Carlos Sierra
Batting: LHB Chris Austin 0-0: Ball
1-0: Ball
2-0: Reached on error, E5 (Groundball, 56)
Batting: LHB Ken Phillips 0-0: Ball
1-0: Foul Ball, location: 2F
1-1: Foul Ball, location: 2F
1-2: Foul Ball, location: 2F
1-2: Foul Ball, location: 2F
1-2: Foul Ball, location: 2F
1-2: Ball
2-2: Ball
3-2: Base on Balls
Chris Austin to second
Pitching: RHP Rick Núñez
Batting: LHB António Velásquez 0-0: Fielders Choice at 2nd, 3-6 (Groundball, 3)
Chris Austin to third
Batting: LHB David Lee 0-0: Ball
1-0: Swinging Strike
1-1: Reached on error, E1 (Groundball, 13)
Chris Austin scores
António Velásquez to second
Batting: LHB John Cook 0-0: Ball
1-0: Fly out, F7 (Flyball, 7LM)
Batting: RHB John Prowse Jr. 0-0: Ball
1-0: Fly out, F8 (Flyball, 8LM)
Top of the 6th over - 1 run(s), 0 hit(s), 2 error(s), 2 left on base; Saint John's 3 - Utah 1
BOTTOM OF THE 6TH
Utah Utes batting - Pitching for Saint John's Red Storm : RHP Charles Palmeiro
Batting: LHB Felipe Valino 0-0: Called Strike
0-1: Ball
1-1: Called Strike
1-2: Ball
2-2: Foul Ball, location: 2F
2-2: Foul Ball, location: 2F
2-2: Ball
3-2: Strikes out swinging
Pitching: RHP Eduardo Méndez
Batting: LHB Max Hoskins 0-0: Called Strike
0-1: Swinging Strike
0-2: Ground out 6-3 (Groundball, 6M)
Batting: RHB Octávio Marín 0-0: Called Strike
0-1: Called Strike
0-2: Ground out U3 (Groundball, 3S)
Bottom of the 6th over - 0 run(s), 0 hit(s), 0 error(s), 0 left on base; Saint John's 3 - Utah 1
TOP OF THE 7TH
Saint John's Red Storm batting - Pitching for Utah Utes : RHP Rick Núñez
Batting: RHB Ed Merritt 0-0: Called Strike
0-1: Called Strike
0-2: Ball
1-2: Strikes out swinging
Batting: RHB Joe Smith 0-0: Ball
1-0: SINGLE (Groundball, 5L)
Batting: RHB Bob Mueller 0-0: Called Strike
0-1: Called Strike
0-2: Grounds into double play, 5-4-3 (Groundball, 5)
Top of the 7th over - 0 run(s), 1 hit(s), 0 error(s), 0 left on base; Saint John's 3 - Utah 1
BOTTOM OF THE 7TH
Utah Utes batting - Pitching for Saint John's Red Storm : RHP Eduardo Méndez
Batting: LHB William Butler 0-0: Swinging Strike
0-1: Ball
1-1: Ball
2-1: Called Strike
2-2: Ball
3-2: Foul Ball, location: 2F
3-2: Fly out, F8 (Flyball, 8RM)
Batting: RHB Leon Heath 0-0: Ball
1-0: Foul Ball, location: 2F
1-1: Ball
2-1: Called Strike
2-2: Ball
3-2: Strikes out swinging
Batting: SHB George Wilder 0-0: Called Strike
0-1: Ball
1-1: Ball
2-1: SOLO HOME RUN (Line Drive, 89XD), Distance : 421 ft
Batting: RHB Todd Oliver 0-0: Foul Ball, location: 2F
0-1: SINGLE (Groundball, 4MD) (infield hit)
Batting: RHB Roy Baker 0-0: Ball
1-0: Ball
2-0: Ball
3-0: Base on Balls
Todd Oliver to second
Batting: LHB Phil Cantrell 0-0: Ball
1-0: Swinging Strike
1-1: Foul Ball, location: 2F
1-2: Foul Ball, location: 2F
1-2: Strikes out looking
Bottom of the 7th over - 1 run(s), 2 hit(s), 0 error(s), 2 left on base; Saint John's 3 - Utah 2
TOP OF THE 8TH
Saint John's Red Storm batting - Pitching for Utah Utes : RHP Rick Núñez
Pitching: LHP Michael George
Batting: LHB Chris Austin 0-0: Foul Ball, location: 2F
0-1: Ball
1-1: Ground out 1-3 (Groundball, 13S)
Batting: LHB Ken Phillips 0-0: Called Strike
0-1: Ball
1-1: Ball
2-1: Ball
3-1: Foul Ball, location: 2F
3-2: Base on Balls
Batting: LHB António Velásquez 0-0: Fly out, F8 (Flyball, 8LM)
Batting: LHB David Lee 0-0: Called Strike
0-1: Ball
1-1: Ball
2-1: Foul Ball, location: 2F
2-2: Strikes out swinging
Top of the 8th over - 0 run(s), 0 hit(s), 0 error(s), 1 left on base; Saint John's 3 - Utah 2
BOTTOM OF THE 8TH
Utah Utes batting - Pitching for Saint John's Red Storm : RHP Eduardo Méndez
Pitching: RHP Dan Snyder
Batting: LHB Felipe Valino 0-0: Foul Ball, location: 2F
0-1: Foul Ball, location: 2F
0-2: Ball
1-2: Strikes out swinging
Pitching: RHP Melvin Hicks
Batting: LHB Max Hoskins 0-0: Swinging Strike
0-1: Foul Ball, location: 2F
0-2: Strikes out looking
Batting: RHB Octávio Marín 0-0: Ball
1-0: Swinging Strike
1-1: Foul Ball, location: 2F
1-2: Ball
2-2: Ground out 4-3 (Groundball, 34)
Bottom of the 8th over - 0 run(s), 0 hit(s), 0 error(s), 0 left on base; Saint John's 3 - Utah 2
TOP OF THE 9TH
Saint John's Red Storm batting - Pitching for Utah Utes : LHP Michael George
Pitching: RHP Juan Velásquez
Batting: LHB John Cook 0-0: Ball
1-0: Called Strike
1-1: Foul Ball, location: 2F
1-2: Ball
2-2: Ball
3-2: Foul Ball, location: 2F
3-2: Fly out, F7 (Flyball, 7M)
Batting: RHB John Prowse Jr. 0-0: Called Strike
0-1: Ball
1-1: Swinging Strike
1-2: Strikes out swinging
Batting: RHB Ed Merritt 0-0: Called Strike
0-1: Foul Ball, location: 2F
0-2: Strikes out swinging
Top of the 9th over - 0 run(s), 0 hit(s), 0 error(s), 0 left on base; Saint John's 3 - Utah 2
BOTTOM OF THE 9TH
Utah Utes batting - Pitching for Saint John's Red Storm : RHP Melvin Hicks
Pitching: RHP Carl Brooks
Now at C: Jack Kavanaugh
Batting: LHB William Butler 0-0: SOLO HOME RUN (Flyball, 8RXD), Distance : 456 ft
Batting: RHB Leon Heath 0-0: Called Strike
0-1: Called Strike
0-2: Foul Ball, location: 2F
0-2: Ball
1-2: Ball
2-2: Strikes out looking
Batting: SHB George Wilder 0-0: Foul Ball, location: 2F
0-1: Ball
1-1: Called Strike
1-2: Strikes out swinging
Batting: RHB Todd Oliver 0-0: Called Strike
0-1: Ball
1-1: Ball
2-1: Called Strike
2-2: Ball
3-2: Strikes out swinging
Bottom of the 9th over - 1 run(s), 1 hit(s), 0 error(s), 0 left on base; Saint John's 3 - Utah 3
TOP OF THE 10TH
Saint John's Red Storm batting - Pitching for Utah Utes : RHP Juan Velásquez
Batting: RHB Joe Smith 0-0: Ball
1-0: Ball
2-0: Foul Ball, location: 2F
2-1: Ball
3-1: Foul Ball, location: 2F
3-2: Foul Ball, location: 2F
3-2: Base on Balls
Batting: SHB Jack Kavanaugh 0-0: Ball
1-0: Ball
Passed Ball!
Joe Smith to second
2-0: Fly out, F7 (Flyball, 7M)
Batting: LHB Chris Austin 0-0: Foul Ball, location: 2F
0-1: Ball
1-1: Ground out 3-1 (Groundball, 34)
Joe Smith to third
Batting: LHB Ken Phillips 0-0: Ball
1-0: Ball
2-0: Ball
3-0: Called Strike
3-1: Base on Balls
Batting: LHB António Velásquez 0-0: SINGLE (Flyball, 89S)
Joe Smith scores
Ken Phillips to second
Runner from 2nd tries for 3rd, SAFE, throw made to third
António Velásquez to second
Batting: LHB David Lee 0-0: Ball
1-0: Ball
2-0: Called Strike
2-1: Swinging Strike
2-2: Strikes out swinging
Top of the 10th over - 1 run(s), 1 hit(s), 0 error(s), 2 left on base; Saint John's 4 - Utah 3
BOTTOM OF THE 10TH
Utah Utes batting - Pitching for Saint John's Red Storm : RHP Carl Brooks
Batting: RHB Roy Baker 0-0: Ball
1-0: Ball
2-0: Foul Ball, location: 2F
2-1: SINGLE (Groundball, 5D)
Batting: LHB Phil Cantrell 0-0: Ball
1-0: Swinging Strike
1-1: SINGLE (Groundball, 34D)
Roy Baker to second
Runner from 2nd tries for 3rd, SAFE, throw made to third
Batting: LHB Felipe Valino 0-0: Ball
1-0: Called Strike
1-1: Foul Ball, location: 2F
1-2: Fly out, F6 (Popup, 6D)
Batting: LHB Max Hoskins 0-0: Ball
1-0: Foul Ball, location: 2F
1-1: 3-RUN HOME RUN (Flyball, 7D), Distance : 415 ft
This league is powered by Out of the Park Baseball, the baseball management simulation game for PC, Mac and Linux
Wednesday, December 2nd, 2015 - OOTP Baseball 16.8 Build 38